 Dungeon Crawl Stone Soup version 0.30-a0-840-ga523dec638 (webtiles) character file.

Game seed: 18138301776512232157

1993 cforsyth the Covert (level 9, -1/50 HPs)
             Began as a Kobold Brigand on Mar 2, 2023.
             Was a Follower of Hepliaklqana.
             Killed from afar by a steam dragon (21 damage)
             ... with a ball of steam
             ... on level 7 of the Dungeon.
             The game lasted 00:07:30 (6078 turns).

cforsyth the Covert (Kobold Brigand)                Turns: 6078, Time: 00:07:30

Health: -1/50      AC:  6    Str: 10    XL:     9   Next: 45%
Magic:  9/9        EV: 17    Int: 13    God:    Hepliaklqana [*.....]
Gold:   446        SH: 10    Dex: 20    Spells: 8/8 levels left

rFire   . . .      SeeInvis .    G - +2 short sword (venom)
rCold   . . .      Faith    .    y - +4 buckler "Qerupusm" {rElec Str+2}
rNeg    . . .      Spirit   .    j - +1 leather armour {Will+}
rPois   .          Reflect  .    (no helmet)
rElec   +          Harm     .    c - +0 cloak
rCorr   .          Rampage  .    (no gloves)
Will    ++...                    o - +0 pair of boots
Stlth   +++++                    (no amulet)
HPRegen 0.28/turn                p - ring of willpower
MPRegen 0.11/turn                (no ring)

@: no status effects
A: reduced essence, small, no large weapons, nightstalker 3
a: Renounce Religion, Recall Ancestor, Ancestor Identity


You were on level 7 of the Dungeon.
You worshipped Hepliaklqana.
Hepliaklqana was aware of your devotion.
You visited 2 branches of the dungeon, and saw 8 of its levels.

You collected 446 gold pieces.

Inventory:

Hand Weapons
 a - a +2 dagger
 G - a +2 short sword of venom (weapon)
Missiles
 d - 17 poisoned darts (quivered)
 e - 3 curare-tipped darts
Armour
 b - a +0 robe
 c - a +0 cloak (worn)
 j - a +1 leather armour of willpower (worn)
 o - a +0 pair of boots (worn)
 y - the +4 buckler "Qerupusm" (worn) {rElec Str+2}
   (You found it on level 4 of the Dungeon)

   Str:       It affects your strength (+2).
   rElec:     It insulates you from electricity.
 H - the +0 leather armour "Hantuh" {rPois Dex-2 Stlth+}
   (You found it on level 6 of the Dungeon)

   Dex:       It affects your dexterity (-2).
   rPois:     It protects you from poison.
   Stlth:     It makes you more stealthy.
Jewellery
 i - a ring of flight
 p - a ring of willpower (left hand)
 q - an amulet of the acrobat
Wands
 C - a wand of charming (8)
 F - a wand of mindburst (16)
Scrolls
 g - 3 scrolls of teleportation
 l - 2 scrolls of blinking
 n - a scroll of fog {unknown}
 w - 4 scrolls of identify {unknown}
 x - 2 scrolls of magic mapping {unknown}
 z - a scroll of enchant weapon {unknown}
 D - a scroll of immolation {unknown}
 E - a scroll of enchant armour {unknown}
Potions
 f - 2 potions of might {unknown}
 h - 2 potions of attraction {unknown}
 k - 4 potions of curing
 m - 2 potions of degeneration {unknown}
 r - 2 potions of heal wounds {unknown}
 s - a potion of cancellation {unknown}
 t - 2 potions of berserk rage {unknown}
 u - 3 potions of mutation {unknown}
 v - 2 potions of flight {unknown}
 A - 2 potions of brilliance {unknown}
 B - a potion of lignification {unknown}


   Skills:
 + Level 6.3 Fighting
 + Level 7.7 Short Blades
 - Level 2.1 Throwing
 + Level 6.4 Dodging
 + Level 9.4 Stealth
 + Level 3.4 Shields


You had 8 spell levels left.
You didn't know any spells.
Your spell library contained the following spells:

 Spells                   Type           Power      Damage    Failure   Level
 Beastly Appendage        Tmut           0%         N/A       54%         1
 Magic Dart               Conj           0%         1d3       54%         1
 Searing Ray              Conj           0%         2d4       67%         2
 Wereblood                Tmut           0%         N/A       67%         2
 Inner Flame              Hex/Fire       0%         N/A       88%         3
 Spider Form              Tmut/Pois      0%         N/A       88%         3
 Vhi's Electric Charge    Tloc/Air       0%         N/A       88%         3
 Flame Wave               Conj/Fire      0%         2d4       99%         4
 Fulminant Prism          Conj/Hex       0%         3d5       99%         4
 Sticky Flame             Conj/Fire      0%         2d3       99%         4
 Arcjolt                  Conj/Air       0%         1d10      100%        5
 Maxwell's Capacitive Co  Air            0%         ∞         100%        8


Dungeon Overview and Level Annotations

Branches:
Dungeon (7/15)             Temple (1/1) D:5

Altars:
Ashenzari
Dithmenos
Elyvilon
Hepliaklqana
Makhleb
Nemelex Xobeh
Okawaru
Qazlal
Ru
Sif Muna
Uskayaw
Wu Jian
Xom
Lugonu

Shops:
D:7 [

Annotations:
D:3 Jessica


Innate Abilities, Weirdness & Mutations

Your life essence is reduced to manifest your ancestor. (-10% HP)
You are small and have problems with some larger weapons.
You are completely attuned to the shadows.


Message History

The sky beast is lightly wounded.
Wenzel barely misses the sky beast.
The sky beast barely misses you.
You hit the sky beast.
The sky beast is poisoned.
The sky beast is lightly wounded.
Wenzel misses the sky beast.
The sky beast closely misses you.
You hit the sky beast but do no damage.
The sky beast looks as sick as possible!
The sky beast is moderately wounded.
Wenzel barely misses the sky beast.
You hit the sky beast.
The sky beast is heavily wounded.
The sky beast hits you but does no damage.
You hit the sky beast but do no damage.
The sky beast looks as sick as possible!
The sky beast is severely wounded.
Wenzel barely misses the sky beast.
The sky beast completely misses you.
You hit the sky beast.
The sky beast looks as sick as possible!
The sky beast is severely wounded.
Wenzel hits the sky beast.
The sky beast hits you but does no damage.
You hit the sky beast but do no damage.
The sky beast looks as sick as possible!
The sky beast is almost dead.
You hit the sky beast.
The sky beast looks as sick as possible!
The sky beast is almost dead.
You kill the sky beast!
Found 11 gold pieces and a scroll labelled UFUILOE NUUP.
A steam dragon comes into view.
A steam dragon is nearby!
A steam dragon is nearby!
A steam dragon is nearby!
The steam dragon breathes steam at you. The ball of steam hits you!
Found an escape hatch in the floor.
Wenzel barely misses the steam dragon.
Found 8 gold pieces.
The steam dragon breathes steam at you. The ball of steam hits you!!
You die...

######## #......# #......#
######### #......#
#...$.#... #......#
....>...... #####(.#
#............. #..##
#.....@........ #...#
#......§........
#.#<###.......§.....$.
#.#..##...............
#.##..........)RD.....
#####.####................
........#####.....#...§.#.
........## #####..#.#§.?.
.......... .........#


You could see the friendly Wenzel the ancestor.

Vanquished Creatures
  Prince Ribbit (D:5)
  Sigmund (D:3)
  A steam dragon (D:7)
  An orc warrior (D:7)
  2 ice beasts (D:6)
  2 sky beasts (D:7)
  2 ogres (D:5)
  A bullfrog (D:7)
  3 scorpions
  2 hounds
  A jelly (D:5)
  3 orc priests
  An iguana (D:4)
  4 orc wizards
  2 gnolls
  7 adders
  An ufetubus (D:5)
  A worm (D:2)
  2 dart slugs
  25 orcs
  8 endoplasms
  5 goblins
  9 hobgoblins
  3 quokkas
  A ball python (D:4)
  6 bats
  2 frilled lizards
  4 kobolds
  A rat (D:2)
102 creatures vanquished.

Vanquished Creatures (collateral kills)
  A wyvern (D:7)
  An adder (D:6)
  3 orcs (D:7)
5 creatures vanquished.

Vanquished Creatures (others)
  An ancestor (D:7)
  8 plants (D:4)
9 creatures vanquished.

Grand Total: 116 creatures vanquished

Notes
Turn   | Place    | Note
-------+----------+-------------------------------------------
     0 | D:1      | cforsyth the Kobold Brigand began the quest for the Orb.
     0 | D:1      | Reached XP level 1. HP: 12/12 MP: 1/1
   254 | D:1      | Reached XP level 2. HP: 18/18 MP: 2/2
   803 | D:2      | Reached XP level 3. HP: 16/22 MP: 3/3
  1176 | D:2      | Reached XP level 4. HP: 27/27 MP: 4/4
  1900 | D:3      | Reached skill level 6 in Stealth
  1905 | D:3      | Identified the +2 sling of Sharp Purpose {heavy, rElec rN+
                  | Int+2}
  2101 | D:3      | Noticed Sigmund
  2104 | D:3      | Killed Sigmund
  2105 | D:3      | Reached XP level 5. HP: 33/33 MP: 5/5
  2105 | D:3      | Reached XP level 6. HP: 38/38 MP: 6/6
  2168 | D:3      | Found a shimmering blue altar of Sif Muna.
  2169 | D:3      | Noticed Jessica
  2512 | D:4      | Identified the +4 buckler "Qerupusm" {rElec Str+2}
  2652 | D:4      | Reached skill level 7 in Stealth
  2720 | D:4      | Reached skill level 5 in Short Blades
  2720 | D:4      | Reached XP level 7. HP: 14/43 MP: 7/7
  3032 | D:4      | Found a burning altar of Makhleb.
  3049 | D:4      | Noticed a green death
  3050 | D:4      | Noticed a neqoxec
  3050 | D:4      | Noticed a ynoxinul
  3347 | D:4      | Found a stormy altar of Qazlal.
  3396 | D:4      | Found a hazy altar of Hepliaklqana.
  3403 | D:4      | Became a worshipper of Hepliaklqana the Forgotten
  3521 | D:4      | Found a sparkling altar of Nemelex Xobeh.
  3812 | D:5      | Entered Level 5 of the Dungeon
  3985 | D:5      | Reached skill level 1 in Shields
  4031 | D:5      | Found an iron altar of Okawaru.
  4061 | D:5      | Found a shadowy altar of Dithmenos.
  4146 | D:5      | Noticed Prince Ribbit
  4150 | D:5      | Killed Prince Ribbit
  4514 | D:5      | Reached XP level 8. HP: 48/48 MP: 8/8
  4555 | D:5      | Reached skill level 5 in Fighting
  4555 | D:5      | Reached skill level 8 in Stealth
  4793 | D:5      | Reached skill level 5 in Dodging
  4843 | D:5      | Found a staircase to the Ecumenical Temple.
  4917 | Temple   | Entered the Ecumenical Temple
  5026 | D:6      | Reached * piety under Hepliaklqana
  5223 | D:6      | Identified the +0 leather armour "Hantuh" {rPois Dex-2
                  | Stlth+}
  5607 | D:7      | Found Zysegiech's Armour Shop.
  5648 | D:7      | Reached XP level 9. HP: 28/49 MP: 9/9
  5772 | D:7      | Reached skill level 9 in Stealth
  6078 | D:7      | Killed from afar by a steam dragon

Illustrated notes

Levels and vault maps discovered:
D:1:      evilmike_arrival_crescent, layout_loops_ring
D:2:      minmay_door_path, layout_loops_ring
D:3:      layout_basic, tgw_sif, guppyfry_early_lair_pool, uniq_sigmund
D:4:      layout_rooms, makhleb_altar_promises_db, kennysheep_little_box,
          nicolae_hepliaklqana_hazy_memory, general_overflow_altar,
          kennysheep_flooded_box, minivault_14
D:5:      layout_basic, grunt_dithmenos_smoke_and_mirrors, okawaru_trees_1,
          minmay_temple_entry_fiery, uniq_prince_ribbit1
D:6:      layout_gridville, due_unseen_surprise
D:7:      layout_rooms, mainiacjoe_overflow_alcove_2, serial_shops,
          nicolae_shop_waterfront, st_stairs_4, minmay_small_thing
Temple:   corrupted_temple

Skill      XL: |  1  2  3  4  5  6  7  8  9 |
---------------+----------------------------+-----
Short Blades   | 3 4 5 7 |  7.7
Dodging        | 2 3 4 5 6 |  6.4
Stealth        | 6 7 8 9 |  9.4
Fighting       | 3 4 5 6 |  6.3
Shields        | 1 2 3 |  3.4
Throwing       | |  2.1

Action                     |  1- 3 |  4- 6 |  7- 9 || total
---------------------------+-------+-------+-------++-------
  Melee: Dagger            |    68 |    89 |   152 ||   309
         Short sword       |       |       |    90 ||    90
    Use: Potion            |       |     1 |       ||     1
         Scroll            |       |       |     3 ||     3
   Stab: Sleeping          |    12 |    15 |    23 ||    50
         Distracted        |       |     1 |       ||     1
 Armour: Robe              |     5 |       |       ||     5
         Leather armour    |    10 |    24 |    29 ||    63
  Dodge: Dodged            |    40 |    38 |    98 ||   176
  Block: Buckler           |       |    31 |    74 ||   105

Table legend: (Time is in decaauts)
 A = Elapsed time spent in this place.
 B = Non-inter-level travel time spent in this place.
 C = Inter-level travel time spent in this place.
 D = Time resting spent in this place.
 E = Time spent auto-exploring this place.
 F = Levels seen in this place.
 G = Mean time per level.
                   A        B        C        D        E       F      G
               +--------+--------+--------+--------+--------+-----+--------+
         Total |   6003 |   5789 |    214 |    726 |   4117 |   8 |  750.4 |
       Dungeon |   5956 |   5758 |    198 |    726 |   4095 |   7 |  850.9 |
        Temple |     46 |     31 |     15 |      0 |     22 |   1 |   46.0 |
               +--------+--------+--------+--------+--------+-----+--------+

Top non-repeatable levels by time:
     D:5: 1113 daAuts
     D:4: 1078 daAuts
     D:3: 1006 daAuts
     D:2: 924 daAuts
     D:1: 777 daAuts
     D:6: 555 daAuts
     D:7: 500 daAuts
  Temple: 46 daAuts
